 Dungeon Crawl Stone Soup version 0.24-a0-350-g5b3daab8ba (webtiles) character file.

Game seed: 1230853197179469295

216962 mhoghedin the Destroyer (level 17, 0/146 HPs)
             Began as a Yellow Draconian Earth Elementalist on May 22, 2019.
             Was the Champion of Vehumet.
             Slain by a +2 dire flail of crushing (3 damage)
             ... on level 2 of the Elven Halls on May 23, 2019.
             The game lasted 02:11:14 (42114 turns).

mhoghedin the Destroyer (DrEE)                     Turns: 42114, Time: 02:11:15

Health: 0/146      AC: 13    Str: 10    XL:     17   Next: 93%
Magic:  27/34      EV: 17    Int: 23    God:    Vehumet [******]
Gold:   4030       SH:  6    Dex: 12    Spells: 1/42 levels left

rFire    . . .     SeeInvis .   b - staff of earth
rCold    . . .     Gourm    .   j - +1 buckler
rNeg     . . .     Faith    .   (armour unavailable)
rPois    +         Spirit   .   (helmet restricted)
rElec    .         Reflect  .   M - +0 cloak {+Inv}
rCorr    +         Harm     .   F - +1 pair of gloves {archery}
MR       ++...                  h - +0 pair of boots
Stlth    ++........             V - amulet of magic regeneration
HPRegen  0.34/turn              n - ring of protection from magic {MR+, !d}
MPRegen  0.49/turn              C - ring of Fukkub {Wiz +Blink}

@: lethally poisoned (0 -> -1), about to teleport, very slightly contaminated
A: spit acid, unfitting armour, talons 1, poison resistance, acidic bite,
cold-blooded, acid resistance, AC +9
}: 2/15 runes: decaying, gossamer
a: Breathe Acid, Renounce Religion, Evoke Blink, Evoke Invisibility


You were on level 2 of the Elven Halls.
You worshipped Vehumet.
Vehumet was exalted by your worship.
You were hungry.

You visited 6 branches of the dungeon, and saw 33 of its levels.
You also visited: Trove and Ossuary.

You collected 4030 gold pieces.

Inventory:

Hand Weapons
 a - the +6 shillelagh "Devastator" {shatter}
   (You found it on level 4 of the Swamp)
 O - the cursed +0 scythe "Spiderslayer" {slice, rElec MR+ Str+4, unknown}
   (You found it on level 2 of the Elven Halls)

   It inflicts extra damage upon your enemies.
   It affects your strength (+4).
   It insulates you from electricity.
   It affects your resistance to hostile enchantments.
   It has a curse placed upon it.
Missiles
 p - 7 throwing nets {=f, !d}
 X - 277 stones (quivered)
Armour
 h - a +0 pair of boots (worn)
   (You found it on level 2 of the Dungeon)
 j - a +1 buckler (worn)
   (You found it on level 2 of the Dungeon)
 F - a +1 pair of gloves of archery (worn)
   (You acquired it on level 4 of the Lair of Beasts)
 M - a +0 cloak of invisibility (worn)
   (You took it off Maurice on level 11 of the Dungeon)
Magical Staves
 b - an uncursed staff of earth (weapon)
   (You found it on level 10 of the Dungeon)
 s - an uncursed staff of air {rElec}
   (You found it on level 3 of the Spider Nest)
Jewellery
 n - a ring of protection from magic (left hand) {MR+, !d}
   (You found it on level 11 of the Dungeon)
 w - an uncursed ring of protection from magic {MR+, !d}
   (You took it off a deep elf mage on level 2 of the Elven Halls)
 C - the ring of Fukkub (right hand) {Wiz +Blink}
   (You found it in a treasure trove)

   [ring of wizardry]

   It improves your spell success rate.
   It lets you blink.
 H - an uncursed ring of magical power {MP+9}
   (You found it on level 1 of the Swamp)
 P - an uncursed ring of protection from cold {rC+, !d}
   (You found it on level 2 of the Lair of Beasts)
 V - an amulet of magic regeneration (around neck)
   (You found it on level 13 of the Dungeon)
Wands
 g - a wand of random effects (19)
   (You found it on level 3 of the Spider Nest)
 y - a wand of acid (14)
   (You found it on level 1 of the Elven Halls)
 A - a wand of polymorph (29)
   (You found it on level 5 of the Dungeon)
 L - a wand of paralysis (5)
   (You found it on level 2 of the Swamp)
 N - a wand of enslavement (5)
   (You found it on level 2 of the Swamp)
 S - a wand of disintegration (11)
   (You found it on level 4 of the Swamp)
Scrolls
 e - 14 scrolls of teleportation
 l - 6 scrolls of blinking {!r}
 q - 4 scrolls of enchant weapon
 u - 6 scrolls of immolation {!r}
 x - 2 scrolls of fear
 z - 2 scrolls of fog
 B - 5 scrolls of amnesia
 D - 9 scrolls of magic mapping {!r}
 G - 14 scrolls of remove curse
 I - 2 scrolls of silence
 Q - 5 scrolls of identify
Potions
 d - 10 potions of haste
 f - a potion of mutation {!q}
 i - 4 potions of berserk rage {!q}
 k - a potion of lignification {!q}
 m - 15 potions of curing
 o - 11 potions of flight
 r - 4 potions of magic
 t - 6 potions of might
 v - 6 potions of brilliance
 E - 4 potions of resistance
 J - 4 potions of heal wounds
 K - 2 potions of ambrosia
 U - 5 potions of agility
 W - a potion of cancellation
Miscellaneous
 T - a phial of floods
   (You found it on level 5 of the Lair of Beasts)
 Y - a lamp of fire
   (You found it on level 6 of the Lair of Beasts)
 Z - a lightning rod (4/4)
   (You found it on level 6 of the Lair of Beasts)
Comestibles
 c - 25 rations


   Skills:
 - Level 12.2 Fighting
 - Level 10.0 Staves
 - Level 10.2 Dodging
 - Level 1.7 Stealth
 - Level 4.1 Shields
 - Level 13.1 Spellcasting
 - Level 13.5 Conjurations
 - Level 1.3 Charms
 - Level 5.2 Summonings
 - Level 1.5 Necromancy
 - Level 3.7 Transmutations
 + Level 6.5 Fire Magic
 + Level 12.4 Earth Magic
 - Level 7.1 Poison Magic
 - Level 9.9 Evocations


You had one spell level left.
You knew the following spells:

 Your Spells              Type           Power        Failure   Level  Hunger
a - Orb of Destruction    Conj           ######....   1%          7    ######.
b - Bolt of Fire          Conj/Fire      ######....   1%          6    #####..
c - Ignite Poison         Fire/Tmut/Pois #####...     1%          3    None
d - Olgreb's Toxic Radia  Pois           #####...     1%          4    None
f - Iron Shot             Conj/Erth      #######...   1%          6    #####..
g - Spellforged Servitor  Conj/Summ      ######....   9%          7    ######.
r - Regeneration          Chrm/Necr      ###.......   2%          3    None
z - Lee's Rapid Deconstr  Erth           #######...   1%          5    ###....

Your spell library contained the following spells:

 Spells                   Type           Power        Failure   Level  Hunger
 Lehudib's Crystal Spear  Conj/Erth      #######...   14%         8    #######
 Chain Lightning          Conj/Air       #####.....   78%         8    #######
 Shatter                  Erth           #######...   87%         9    #######
 Animate Skeleton         Necr           N/A          1%          1    None
 Apportation              Tloc           ###...       1%          1    None
 Confusing Touch          Hex            ###...       1%          1    None
 Pain                     Necr           ###.         1%          1    None
 Sandblast                Erth           ######       1%          1    None
 Sting                    Conj/Pois      ####         1%          1    None
 Summon Butterflies       Summ           #####...     1%          1    None
 Summon Small Mammal      Summ           ####         1%          1    None
 Passwall                 Tmut/Erth      ######..     1%          2    None
 Poisonous Vapours        Pois/Air       ####..       1%          2    None
 Mephitic Cloud           Conj/Pois/Air  #####...     1%          3    None
 Recall                   Summ/Tloc      N/A          1%          3    None
 Stone Arrow              Conj/Erth      ######       1%          3    None
 Petrify                  Tmut/Erth      ######..     1%          4    None
 Venom Bolt               Conj/Pois      ######....   1%          5    ###....
 Vampiric Draining        Necr           ###.......   2%          3    None
 Borgnjor's Vile Clutch   Necr/Erth      ######....   2%          5    ###....
 Lesser Beckoning         Tloc           ###.......   4%          3    None
 Tukima's Dance           Hex            ###.....     4%          3    None
 Alistair's Intoxication  Tmut/Pois      #####...     4%          5    ###....
 Animate Dead             Necr           N/A          9%          4    None
 Death Channel            Necr           ###.......   75%         6    #####..
 Simulacrum               Ice/Necr       ###.......   86%         6    #####..
 Invisibility             Hex            ###.....     91%         6    #####..


Dungeon Overview and Level Annotations

Branches:
Dungeon (15/15)            Temple (0/1) D:7            Lair (6/6) D:11
  Swamp (4/4) Lair:3       Spider (4/4) Lair:3        Slime (0/5) Lair:6
    Orc (2/2) D:9             Elf (2/3) Orc:2        Vaults (0/5) D:13
 Depths (0/5) D:15

Altars:
Ashenzari
Cheibriados
Fedhas
Hepliaklqana
Nemelex Xobeh
Okawaru
Qazlal
Ru
Uskayaw
Vehumet
Xom
Yredelemnul
Zin
The Shining One

Shops:
D:14 (   Orc:2 :*[(


Innate Abilities, Weirdness & Mutations

You can spit globs of acid.
Your golden yellow scales are hard. (AC +9)
You cannot fit into any form of body armour.
You have acidic saliva.
You are cold-blooded and may be slowed by cold attacks.
You are resistant to acid. (rCorr)
You have sharp toenails.
Your system is resistant to poisons. (rPois)


Message History

Your spellforged servitor casts a spell at the +1 trident of venom.
The bolt of fire hits the +1 trident of venom.
The +1 trident of venom resists.
You take 19 damage, and have 79/146 hp.
Unknown command.
You feel sick.
Your spellforged servitor hums quietly as it recharges.
The +1 trident of venom closely misses you.
You take 1 damage, and have 78/146 hp.
You feel sick.
The +1 trident of venom hits you from afar.
Your spellforged servitor points at the +1 trident of venom and mumbles some strange words.
The bolt of fire hits the +1 trident of venom.
The +1 trident of venom resists.
You take 3 damage, and have 75/146 hp.
You feel sick.
Your spellforged servitor hums quietly as it recharges.
The orb of destruction hits the +1 trident of venom!!!
The +1 trident of venom falls from the air.
The deep elf knight mumbles some strange words.
The deep elf knight seems to speed up.
You take 2 damage, and have 73/146 hp.
You feel sick.
You take 1 damage, and have 72/146 hp.
You feel sick.
You take 2 damage, and have 70/146 hp.
You feel sick.
You take 1 damage, and have 69/146 hp.
You feel sick.
You take 1 damage, and have 68/146 hp.
You feel sick. You block the deep elf knight's attack.
You take 1 damage, and have 67/146 hp.
You feel sick.
Your spellforged servitor casts a spell at the deep elf knight.
The bolt of fire misses the deep elf blademaster.
The bolt of fire hits the deep elf knight!!
You take 2 damage, and have 65/146 hp.
You open the large door.
You feel sick.
Your spellforged servitor hums quietly as it recharges.
The deep elf knight gestures at you while chanting.
The shard of ice hits you!
You take 14 damage, and have 51/146 hp.
You feel sick.
The deep elf knight gestures wildly while chanting.
The deep elf knight flickers and vanishes!
Deactivating autopickup; reactivate with Ctrl-A.
The deep elf blademaster hits you with a +0 short sword.
The deep elf blademaster barely misses you.
There is a large open door here.
You take 7 damage, and have 44/146 hp.
You feel sick.
You hear some strange, mumbled words.
A shard of ice appears from out of thin air!
The shard of ice misses you.
You take 1 damage, and have 43/146 hp.
You feel sick.
The deep elf blademaster barely misses you.
The deep elf blademaster hits you with a +0 short sword!
* * * LOW HITPOINT WARNING * * *
There is an open translucent gate, spattered with blood here.
You take 12 damage, and have 31/146 hp.
Unknown command.
As you read the scroll of teleportation, it crumbles to dust.
You feel strangely unstable.
You feel sick.
The deep elf blademaster hits you but does no damage.
The deep elf blademaster hits you with a +0 short sword!
* * * LOW HITPOINT WARNING * * *
You take 10 damage, and have 21/146 hp.
Unknown command.
Okay, then.
Unknown command.
Really read
l - 7 scrolls of blinking {!r}?
Blink to where?
You are very lightly contaminated with residual magic.
As you read the scroll of blinking {!r}, it crumbles to dust.
You feel sick.
You take 1 damage, and have 20/146 hp.
You feel sick.
You take 1 damage, and have 20/146 hp.
Your surroundings suddenly seem different.
You feel sick.
A deep elf mage comes into view. It is wielding a +0 long sword.
The deep elf mage shouts!
A deep elf knight comes into view.
It is wielding a +0 scimitar and wearing a +0 buckler of fire resistance.
The deep elf knight shouts!
A +2 dire flail of crushing comes into view.
A deep elf mage comes into view. It is wielding a +0 dagger.
A deep elf knight comes into view. It is wielding a +0 short sword.
The deep elf knight casts a spell.
The deep elf knight seems to speed up.
A deep elf mage comes into view. It is wielding a +0 short sword.
The +2 dire flail of crushing barely misses you.
You take 1 damage, and have 19/146 hp.
Unknown command.
As you read the scroll of teleportation, it crumbles to dust.
You feel strangely unstable.
You feel sick. The +2 dire flail of crushing hits you!
* * * LOW HITPOINT WARNING * * *
You die...

...#.....#
.........###............
.........# .............
....)....# ...........#
.........# #.........#
.######..# ##........e##
..# #..###...........#
..# #..##........e....
..# ##.# #....@.......
..# ### ##....(......
### ##.# #...##......
#######..# #...# ##....
.....##..##...# ...
####.##..##..e .e
#..'..##.e . ####..###.
##.#


You could see 2 deep elf knights, 3 deep elf magi and a +2 dire flail of
crushing.

Vanquished Creatures
  Rupert (Lair:6)
  Kirke (Lair:5)
  A thorn hunter (Swamp:4)
  3 ghost moths (Spider:4)
  2 emperor scorpions
  An orc warlord (Orc:2)
  A deep elf sorcerer (Elf:1)
  An entropy weaver (Spider:2)
  A very ugly thing (Swamp:4)
  A spark wasp (Spider:4)
  A dire elephant (Lair:6)
  Snorg (Lair:3)
  A death ooze (Swamp:4)
  2 green deaths (Swamp:4)
  A yaktaur captain (D:15)
  A hell beast (Swamp:4)
  Harold (Lair:1)
  2 rakshasas
  14 hydras
  4 centaur warriors
  4 vault guards (D:13)
  2 catoblepae
  2 alligators
  A shambling mangrove (Swamp:1)
  Erica (D:9)
  A thrashing horror (Swamp:4)
  A two-headed ogre (D:10)
  Urug (Lair:3)
  A tengu warrior (D:15)
  A deep troll shaman (Lair:6)
  3 orc high priests (Orc:2)
  7 dancing weapons
  4 death yaks (Lair:6)
  5 deep elf knights (Elf:2)
  3 skeletal warriors (D:14)
  An unseen horror (D:14)
  A spriggan druid (Swamp:4)
  3 swamp dragons (Swamp:4)
  2 wizards
  5 orc knights
  20 deep elf magi
  13 orb spiders
  An oklob plant (Lair:2)
  7 ugly things
  A cyclops (D:11)
  6 orc sorcerers
  22 wolf spiders
  3 moths of wrath
  Maurice (D:11)
  21 elephants
  3 black mambas
  Joseph (D:7)
  A torpor snail (Spider:2)
  3 centaur zombies
  2 orange demons (Swamp:4)
  2 centaur skeletons
  3 gargoyles
  Psyche (D:10)
  9 spiny frogs
  3 rime drakes
  A demonic crawler (Spider:4)
  6 komodo dragons
  A yaktaur (D:15)
  2 tengu conjurers
  3 meliai (Spider:2)
  30 jumping spiders
  A queen bee (Spider:2)
  5 trolls
  2 polar bears (Lair:6)
  15 hornets
  4 tyrant leeches
  8 hippogriffs
  4 bog bodies
  20 blink frogs
  14 dream sheep (Lair:5)
  10 slime creatures
  3 centaur simulacra (D:15)
  2 air elementals (Elf:1)
  2 spriggans (Swamp:4)
  24 tarantellas
  68 redbacks
  5 shadows
  2 wyverns
  A wraith (D:11)
  36 yaks
  A water elemental (Elf:1)
  A fire elemental (Elf:2)
  5 hogs (Lair:5)
  3 basilisks
  2 steam dragons
  A large abomination (Swamp:4)
  16 vampire mosquitoes
  2 hungry ghosts
  A warg (Orc:2)
  3 insubstantial wisps
  An acid dragon (D:15)
  9 swamp worms
  3 hell hounds (D:15)
  12 water moccasins
  6 porcupines
  31 orc warriors
  2 ice beasts
  3 swamp drakes
  An eye of draining (D:14)
  5 black bears
  4 sky beasts
  2 eyes of draining (shapeshifter)
  2 phantoms
  17 wolves
  16 ogres
  2 boggarts (Elf:1)
  6 centaurs
  11 crocodiles
  3 elf zombies (Ossuary)
  3 big kobolds
  An earth elemental (Elf:1)
  16 bullfrogs
  A water moccasin zombie (D:8)
  A small abomination (Swamp:4)
  A wyvern skeleton (D:8)
  5 scorpions
  27 killer bees
  2 electric eels
  5 jellies
  A wyvern simulacrum (D:14)
  11 hounds
  4 bullfrog skeletons
  5 bullfrog zombies
  A human zombie (Ossuary)
  25 orc priests
  28 orc wizards
  4 iguanas
  8 worker ants
  A big kobold zombie (Ossuary)
  2 hound zombies
  2 hound skeletons (D:8)
  2 mummies (Ossuary)
  A howler monkey zombie (D:9)
  16 adders
  10 gnolls
  A howler monkey skeleton (D:11)
  3 shadow imps
  4 oozes (Lair:6)
  2 adder zombies (Ossuary)
  4 dart slugs
  3 leopard geckos
  81 orcs
  2 ball pythons
  13 bats
  5 giant cockroaches
  11 goblins
  11 hobgoblins
  10 jackals
  21 kobolds
  4 quokkas
  4 frilled lizards
  3 goblin skeletons (D:6)
  2 goblin zombies
  11 hobgoblin zombies (Ossuary)
  2 jackal zombies (Ossuary)
  10 kobold zombies
  A leopard gecko zombie (D:7)
  An orc skeleton (D:6)
  10 orc zombies
  4 rats
  4 fungi (Lair:2)
1063 creatures vanquished.

Vanquished Creatures (collateral kills)
  The ghost of Wiebster667 the Severer, an adept HOFi of Cheibriados (Swamp:4)
  A thorn hunter (Swamp:3)
  The ghost of MirrMurr the Warrior, an adept DsFi of Trog (Swamp:4)
  3 emperor scorpions
  An entropy weaver (Spider:2)
  A spark wasp (Spider:3)
  A death ooze (Swamp:4)
  A hydra (Swamp:1)
  6 alligators
  A dancing weapon (Elf:2)
  A thrashing horror (Swamp:4)
  A deep elf knight (Elf:1)
  A swamp dragon (Swamp:4)
  2 deep elf archers
  4 ugly things (Swamp:4)
  4 wolf spiders
  10 deep elf magi
  A guardian serpent (shapeshifter) (Elf:1)
  5 spiny frogs
  A demonic crawler (Spider:1)
  5 jumping spiders
  2 hornets
  8 tyrant leeches
  8 slime creatures (Swamp:4)
  3 bog bodies
  5 redbacks (Spider:2)
  2 tarantellas
  A spriggan (Swamp:2)
  8 swamp worms
  7 vampire mosquitoes
  5 insubstantial wisps
  An earth elemental (Elf:2)
  A withered plant (Swamp:4)
103 creatures vanquished.

Vanquished Creatures (others)
  A dancing weapon (Elf:2)
  A deep elf mage (Elf:1)
  2 elephants (Lair:6)
  A komodo dragon (Lair:4)
  A tarantella (Spider:3)
  21 fungi
  14 plants
  3 withered plants (Swamp:4)
44 creatures vanquished.

Grand Total: 1210 creatures vanquished

Notes
Turn   | Place    | Note
-------+----------+-------------------------------------------
     0 | D:1      | mhoghedin the Draconian Earth Elementalist began the quest
                  | for the Orb.
     0 | D:1      | Reached XP level 1. HP: 14/14 MP: 3/3
   149 | D:1      | Reached XP level 2. HP: 20/20 MP: 1/5
   756 | D:1      | Reached XP level 3. HP: 26/26 MP: 5/7
  1410 | D:2      | Found a basalt altar of Yredelemnul.
  1410 | D:2      | Found a faded altar of an unknown god.
  1416 | D:2      | Found a hazy altar of Hepliaklqana.
  1419 | D:2      | Found a faded altar of an unknown god.
  1421 | D:2      | Found a shattered altar of Ashenzari.
  1538 | D:2      | Reached skill level 3 in Spellcasting
  1538 | D:2      | Reached skill level 4 in Earth Magic
  1781 | D:2      | Reached XP level 4. HP: 33/33 MP: 5/8
  1786 | D:2      | Learned a level 3 spell: Stone Arrow
  2737 | D:4      | Found a snail-covered altar of Cheibriados.
  2783 | D:4      | Noticed an ogre
  2785 | D:4      | Reached skill level 1 in Shields
  2785 | D:4      | Reached skill level 1 in Conjurations
  2791 | D:4      | Killed an ogre
  2791 | D:4      | Reached XP level 5. HP: 33/38 MP: 0/9
  2811 | D:3      | Reached skill level 2 in Shields
  2811 | D:3      | Reached skill level 2 in Conjurations
  3119 | D:4      | Reached XP level 6. HP: 37/45 MP: 2/10
  3381 | D:4      | Found a radiant altar of Vehumet.
  3389 | D:4      | Became a worshipper of Vehumet
  3398 | D:4      | Reached skill level 5 in Earth Magic
  3509 | D:4      | Learned a level 5 spell: Lee's Rapid Deconstruction
  3856 | D:5      | Entered Level 5 of the Dungeon
  3890 | D:5      | Found a sand-covered staircase.
  3905 | Ossuary  | Entered an ossuary
  3964 | Ossuary  | Reached * piety under Vehumet
  3964 | Ossuary  | Offered knowledge of Freeze by Vehumet.
  4026 | Ossuary  | Reached skill level 3 in Shields
  4026 | Ossuary  | Reached skill level 3 in Conjurations
  4038 | Ossuary  | Your scales start taking on a golden yellow colour.
  4038 | Ossuary  | Reached XP level 7. HP: 39/50 MP: 6/11
  4038 | Ossuary  | Gained mutation: You are resistant to acid. (rCorr) [Yellow
                  | Draconian growth]
  4673 | D:5      | Reached skill level 4 in Shields
  4673 | D:5      | Reached skill level 4 in Conjurations
  4673 | D:5      | Reached skill level 6 in Earth Magic
  4798 | D:5      | Found a sparkling altar of Nemelex Xobeh.
  4798 | D:5      | Found a stormy altar of Qazlal.
  4863 | D:5      | Found a sparkling altar of Nemelex Xobeh.
  5052 | D:6      | Reached XP level 8. HP: 39/57 MP: 7/12
  5286 | D:6      | Reached skill level 5 in Conjurations
  5329 | D:6      | Offered knowledge of Searing Ray by Vehumet.
  5477 | D:6      | Reached ** piety under Vehumet
  5490 | D:6      | Reached skill level 7 in Earth Magic
  5497 | D:6      | HP: 12/57 [something (6)]
  5797 | D:6      | Found a glowing golden altar of the Shining One.
  5827 | D:6      | Reached skill level 4 in Spellcasting
  5889 | D:6      | Reached skill level 6 in Conjurations
  6022 | D:6      | Offered knowledge of Mephitic Cloud by Vehumet.
  6215 | D:6      | Learned a level 3 spell: Mephitic Cloud
  6361 | D:7      | Found a staircase to the Ecumenical Temple.
  6382 | D:7      | Reached XP level 9. HP: 61/62 MP: 12/16
  6593 | D:7      | Reached skill level 8 in Earth Magic
  6593 | D:7      | Reached skill level 5 in Spellcasting
  6852 | D:7      | Reached *** piety under Vehumet
  6992 | D:7      | Reached skill level 7 in Conjurations
  7143 | D:7      | Found a sacrificial altar of Ru.
  7344 | D:7      | Noticed Joseph
  7353 | D:7      | Killed Joseph
  7783 | D:8      | Reached skill level 6 in Spellcasting
  7851 | D:8      | Reached skill level 9 in Earth Magic
  7877 | D:8      | Offered knowledge of Dazzling Spray by Vehumet.
  7877 | D:8      | Reached skill level 8 in Conjurations
  8265 | D:8      | Found a snail-covered altar of Cheibriados.
  8314 | D:8      | Reached XP level 10. HP: 54/69 MP: 17/19
  8838 | D:9      | Reached **** piety under Vehumet
  8862 | D:9      | Found a staircase to the Orcish Mines.
  9129 | D:9      | Offered knowledge of Ignite Poison by Vehumet.
  9134 | D:9      | Learned a level 3 spell: Ignite Poison
  9139 | D:9      | Learned a level 4 spell: Olgreb's Toxic Radiance
  9147 | D:9      | Reached skill level 1 in Poison Magic
  9240 | D:9      | Reached skill level 2 in Poison Magic
  9343 | D:9      | Found a hide-covered altar of Uskayaw.
  9378 | D:9      | Noticed Erica
  9392 | D:9      | Killed Erica
  9392 | D:9      | Reached skill level 4 in Poison Magic
  9899 | D:10     | Entered Level 10 of the Dungeon
  9937 | D:10     | Reached skill level 7 in Spellcasting
  9937 | D:10     | Reached skill level 5 in Poison Magic
 10270 | D:10     | Noticed a two-headed ogre
 10280 | D:10     | Killed a two-headed ogre
 10280 | D:10     | Reached skill level 6 in Poison Magic
 10316 | D:10     | Reached skill level 8 in Spellcasting
 10403 | D:10     | Found a glowing silver altar of Zin.
 10405 | D:10     | Noticed Psyche
 10407 | D:10     | Killed Psyche
 10407 | D:10     | Reached XP level 11. HP: 74/74 MP: 21/23
 10495 | D:10     | Reached skill level 2 in Dodging
 10496 | D:10     | Reached skill level 1 in Fighting
 10496 | D:10     | Reached skill level 1 in Evocations
 10496 | D:10     | Reached skill level 1 in Staves
 10660 | D:11     | Found a staircase to the Lair.
 10716 | D:11     | Reached skill level 2 in Fighting
 10779 | D:11     | Noticed Maurice
 10791 | D:11     | Killed Maurice
 10791 | D:11     | Reached skill level 2 in Staves
 10791 | D:11     | Reached skill level 2 in Evocations
 10953 | D:11     | Found an iron altar of Okawaru.
 11179 | D:11     | Reached skill level 3 in Fighting
 11324 | D:11     | Reached skill level 3 in Staves
 11336 | D:11     | Reached skill level 3 in Evocations
 11621 | D:11     | Learned a level 5 spell: Venom Bolt
 11671 | Lair:1   | Entered Level 1 of the Lair of Beasts
 11765 | Lair:1   | Reached ***** piety under Vehumet
 11765 | Lair:1   | Reached skill level 4 in Fighting
 11765 | Lair:1   | Reached skill level 3 in Dodging
 11991 | Lair:1   | Offered knowledge of Lightning Bolt by Vehumet.
 11992 | Lair:1   | Reached skill level 7 in Poison Magic
 12086 | Lair:1   | Noticed a wolf spider
 12088 | Lair:1   | Killed a wolf spider
 12088 | Lair:1   | Reached skill level 9 in Conjurations
 12140 | Lair:1   | Reached skill level 4 in Staves
 12140 | Lair:1   | Reached skill level 4 in Evocations
 12250 | Lair:1   | Noticed Harold
 12281 | Lair:1   | Killed Harold
 12666 | Lair:1   | Reached skill level 1 in Fire Magic
 12666 | Lair:1   | Reached XP level 12. HP: 91/93 MP: 24/24
 12970 | Lair:2   | Reached skill level 2 in Transmutations
 12970 | Lair:2   | Reached skill level 2 in Fire Magic
 13408 | Lair:2   | Reached skill level 3 in Transmutations
 13414 | Lair:2   | Reached skill level 3 in Fire Magic
 13574 | Lair:2   | Reached skill level 5 in Fighting
 13808 | Lair:2   | Found a blossoming altar of Fedhas.
 14192 | Lair:3   | Reached skill level 4 in Dodging
 14200 | Lair:3   | Reached skill level 5 in Staves
 14200 | Lair:3   | Reached skill level 5 in Evocations
 14381 | Lair:3   | Reached skill level 6 in Fighting
 14382 | Lair:3   | Noticed Snorg
 14412 | Lair:3   | Killed Snorg
 14507 | Lair:3   | Noticed an eight-headed hydra
 14512 | Lair:3   | Reached skill level 5 in Dodging
 14512 | Lair:3   | Reached skill level 6 in Staves
 14512 | Lair:3   | Reached skill level 6 in Evocations
 14519 | Lair:3   | Killed an eight-headed hydra
 14521 | Lair:3   | Reached skill level 7 in Fighting
 14561 | Lair:3   | Noticed Urug
 14570 | Lair:3   | Killed Urug
 14685 | Lair:3   | Noticed an eight-headed hydra
 14693 | Lair:3   | Killed an eight-headed hydra
 14693 | Lair:3   | Reached XP level 13. HP: 105/105 MP: 25/25
 14699 | Lair:3   | Found a hole to the Spider Nest.
 14803 | Lair:3   | Found a staircase to the Swamp.
 15221 | Lair:4   | Reached skill level 6 in Dodging
 15229 | Lair:4   | Offered knowledge of Iron Shot by Vehumet.
 15247 | Lair:4   | Learned a level 6 spell: Iron Shot
 15537 | Lair:4   | Identified a scroll of acquirement
 15907 | Lair:4   | Reached skill level 9 in Spellcasting
 16055 | Lair:4   | Reached skill level 7 in Staves
 16073 | Lair:4   | Reached skill level 7 in Evocations
 16808 | Lair:5   | Reached skill level 8 in Fighting
 16955 | Lair:5   | Noticed Kirke
 17047 | Lair:5   | Killed Kirke
 17238 | Lair:5   | Reached skill level 7 in Dodging
 17244 | Lair:5   | Offered knowledge of Spellforged Servitor by Vehumet.
 17466 | Lair:6   | Entered Level 6 of the Lair of Beasts
 17754 | Lair:6   | Reached skill level 10 in Spellcasting
 17904 | Lair:6   | Gained mutation: You have acidic saliva. [Yellow Draconian
                  | growth]
 17904 | Lair:6   | Reached XP level 14. HP: 116/116 MP: 24/28
 17941 | Lair:6   | Noticed Rupert
 17999 | Lair:6   | Found a staircase to the Slime Pits.
 18008 | Lair:6   | Reached skill level 11 in Spellcasting
 18008 | Lair:6   | Killed Rupert
 18107 | Lair:6   | Learned a level 7 spell: Spellforged Servitor
 18110 | Lair:6   | Reached skill level 9 in Fighting
 18384 | Lair:6   | Reached skill level 1 in Summonings
 18603 | Lair:6   | Reached skill level 2 in Summonings
 18622 | Lair:6   | Reached skill level 3 in Summonings
 18769 | Lair:6   | Got a crystal dagger
 18770 | Lair:6   | Identified the +7 dagger of Fampesoc {pierce, +Inv Str+6}
                  | (You found it on level 6 of the Lair of Beasts)
 19626 | D:12     | Found a portal to a secret trove of treasure.
 19671 | Trove    | Entered a treasure trove
 19686 | Trove    | Got a transparent quick blade
 19696 | Trove    | Got an ivory longbow
 19698 | Trove    | Got a coiled platinum ring
 19741 | D:12     | Identified the ring of Fukkub {Wiz +Blink} (You found it in
                  | a treasure trove)
 19753 | D:12     | Identified the +1 longbow "Ziezewn" {freeze, +Fly Int+2
                  | SInv} (You found it in a treasure trove)
 19756 | D:12     | Identified the +0 quick blade of Doom {vamp, Str+3} (You
                  | found it in a treasure trove)
 19915 | D:12     | Reached skill level 8 in Staves
 19998 | D:12     | Reached skill level 8 in Evocations
 20835 | D:13     | Found a gate to the Vaults.
 21313 | D:13     | Found Heecvot's General Store.
 22005 | D:14     | Found Peraahoc's Weapon Boutique.
 22356 | D:14     | Reached skill level 10 in Fighting
 22356 | D:14     | Reached skill level 9 in Staves
 22356 | D:14     | Reached skill level 8 in Dodging
 22639 | D:14     | HP: 13/121 [skeletal warrior/+0 mace (21)]
 22640 | D:14     | Reached skill level 9 in Evocations
 23651 | D:15     | Entered Level 15 of the Dungeon
 23882 | D:15     | Reached XP level 15. HP: 126/126 MP: 7/30
 24416 | D:15     | HP: 22/127 [rakshasa (illusionary)/+0 trident (13)]
 24898 | D:15     | Found a staircase to the Depths.
 25338 | Orc:1    | Entered Level 1 of the Orcish Mines
 25660 | Orc:2    | Entered Level 2 of the Orcish Mines
 26066 | Orc:2    | Noticed an orc warlord
 26372 | Orc:2    | Killed an orc warlord
 26418 | Orc:2    | HP: 23/128 [orc knight/+0 battleaxe (15)]
 26432 | Orc:1    | Gained mutation: You are occasionally teleported next to
                  | monsters. [mutagenic glow]
 26433 | Orc:1    | Lost mutation: You are occasionally teleported next to
                  | monsters. [potion of mutation]
 26433 | Orc:1    | Gained mutation: You have sharp toenails. [potion of
                  | mutation]
 26433 | Orc:1    | Gained mutation: Your system is resistant to poisons.
                  | (rPois) [potion of mutation]
 27047 | Orc:2    | Reached skill level 9 in Dodging
 27179 | Orc:2    | Reached skill level 11 in Fighting
 27179 | Orc:2    | Reached skill level 10 in Staves
 27267 | Orc:2    | Found a staircase to the Elven Halls.
 27468 | Orc:2    | Offered knowledge of Conjure Ball Lightning by Vehumet.
 27491 | Orc:2    | Found Koikke's Antique Armour Shoppe.
 27492 | Orc:2    | Found Womin's Antique Weapon Emporium.
 27494 | Orc:2    | Found Urhe's General Store.
 27494 | Orc:2    | Found Zaes's Book Shoppe.
 27710 | Orc:2    | Upgraded the game from 0.24-a0-347-g1a3e1d35ff to
                  | 0.24-a0-350-g5b3daab8ba
 27983 | Spider:1 | Entered Level 1 of the Spider Nest
 27995 | Spider:1 | HP: 25/129 [wolf spider (8)]
 27996 | Spider:1 | HP: 6/129 [wolf spider (8)]
 28225 | Spider:1 | Reached skill level 4 in Summonings
 28826 | Spider:1 | Reached skill level 5 in Summonings
 28843 | Spider:1 | Learned a level 3 spell: Regeneration
 29000 | Spider:1 | Reached skill level 1 in Charms
 29000 | Spider:1 | Reached skill level 1 in Necromancy
 29800 | Spider:1 | Reached skill level 10 in Conjurations
 29901 | Spider:2 | Reached skill level 10 in Earth Magic
 30258 | Spider:2 | Reached XP level 16. HP: 123/137 MP: 23/31
 30895 | Spider:3 | Offered knowledge of Freezing Cloud by Vehumet.
 30896 | Spider:3 | Reached skill level 11 in Conjurations
 31073 | Spider:3 | Reached skill level 11 in Earth Magic
 31637 | Spider:4 | Entered Level 4 of the Spider Nest
 32755 | Spider:4 | Offered knowledge of Orb of Destruction by Vehumet.
 32755 | Spider:4 | Reached skill level 10 in Dodging
 32800 | Spider:4 | Reached skill level 12 in Fighting
 33246 | Spider:4 | HP: 30/139 [something (12)]
 33251 | Spider:4 | HP: 19/139 [something (16)]
 34100 | Spider:4 | Learned a level 7 spell: Orb of Destruction
 34208 | Spider:4 | Got a gossamer rune of Zot
 34436 | Swamp:1  | Entered Level 1 of the Swamp
 34599 | Swamp:1  | Reached skill level 12 in Conjurations
 34859 | Swamp:1  | You fall into a shaft and drop 1 floor!
 35156 | Swamp:2  | Reached skill level 12 in Spellcasting
 35473 | Swamp:2  | Reached XP level 17. HP: 76/146 MP: 33/33
 36239 | Swamp:3  | Found a shimmering altar of Xom.
 36301 | Swamp:3  | Offered knowledge of Bolt of Fire by Vehumet.
 36719 | Swamp:4  | Entered Level 4 of the Swamp
 37168 | Swamp:4  | Found a runed translucent gate.
 37168 | Swamp:4  | Found a runed translucent gate.
 37168 | Swamp:4  | Found a runed translucent gate.
 37169 | Swamp:4  | Noticed Wiebster667's ghost (adept HOFi)
 37170 | Swamp:4  | Noticed MirrMurr's ghost (adept DsFi)
 37240 | Swamp:4  | HP: 36/146 [swamp dragon (9)]
 37268 | Swamp:4  | HP: 26/146 [bog body (11)]
 38181 | Swamp:4  | Found a glowing silver altar of Zin.
 38356 | Swamp:4  | Found the +6 shillelagh "Devastator" {shatter}
 38431 | Swamp:4  | Reached skill level 13 in Conjurations
 38947 | Swamp:4  | Reached skill level 13 in Spellcasting
 39252 | Swamp:4  | Got a decaying rune of Zot
 39373 | Swamp:4  | Killed Wiebster667's ghost
 39373 | Swamp:4  | Reached ****** piety under Vehumet
 39382 | Swamp:4  | Killed MirrMurr's ghost
 39558 | Swamp:4  | Learned a level 6 spell: Bolt of Fire
 39887 | Elf:1    | Entered Level 1 of the Elven Halls
 40201 | Elf:1    | Reached skill level 4 in Fire Magic
 40296 | Elf:1    | Offered knowledge of Lehudib's Crystal Spear by Vehumet.
 40296 | Elf:1    | Offered knowledge of Shatter by Vehumet.
 40296 | Elf:1    | Offered knowledge of Chain Lightning by Vehumet.
 40716 | Elf:1    | Reached skill level 5 in Fire Magic
 41222 | Elf:2    | Reached skill level 12 in Earth Magic
 41340 | Elf:2    | Found a runed translucent gate.
 41340 | Elf:2    | Found a runed translucent gate.
 41340 | Elf:2    | Found a runed translucent gate.
 41709 | Elf:2    | Reached skill level 6 in Fire Magic
 41848 | Elf:2    | Got a crude scythe
 42095 | Elf:2    | Noticed a deep elf blademaster
 42108 | Elf:2    | HP: 31/146 [deep elf blademaster/+0 short sword (12)]
 42113 | Elf:2    | HP: 19/146 [poisoned by a +1 trident of venom]
 42114 | Elf:2    | HP: 3/146 [+2 dire flail of crushing (16)]
 42114 | Elf:2    | Slain by a +2 dire flail of crushing

Levels and vault maps discovered:
D:1:      sevenhm_arrival_forest_fort_large_1, layout_basic
D:2:      layout_basic, chequers_temple_overflow_minitemple, minmay_pentomino_u4
D:3:      layout_basic
D:4:      layout_rooms, old_standard_altar, first_ration, cheibriados_altar_1
D:5:      layout_rooms, gammafunk_temple_overflow_elements, enter_ossuary_3,
          nemelex_xobeh_ov_fountains_minmay
D:6:      layout_basic, nicolae_tso_besieged_by_evil
D:7:      corexii_shack_village, layout_loops_corners,
          minmay_temple_entry_glassed_door, grunt_ogre_cave,
          hangedman_decor_growths, dk_vineyard_1,
          nicolae_ru_sacrificial_ziggurat, uniq_joseph
D:8:      layout_layer_cave, kennysheep_mini_moat, minivault_1
D:9:      layout_roguey, eat_drink_and_be_merry_uskayaw, orc_0_dummy, uniq_erica
D:10:     layout_basic, basic_altar, uniq_psyche
D:11:     layout_stronghold, due_lair_maze_entry_diamond, basic_altar,
          uniq_maurice
D:12:     layout_loops_corners, enter_trove_1
D:13:     layout_roguey, lightli_vaults_fourway_checkpoint, serial_shops, shop
D:14:     layout_cave_pods, serial_shops, shop, small_statue_alley_a,
          minmay_unpleasant_kobolds
D:15:     grunt_enter_depths_snipers, layout_rooms, minmay_misc_feat_tiny,
          minmay_misc_feat_hallway, minivault_11, minmay_rotating_lava
Lair:1:   minmay_lair_venomous_thicket, layout_hall_layers, uniq_harold
Lair:2:   layout_cave_pods, tgw_fedhas
Lair:3:   layout_chaotic_city, palyth_hydra_swamp_entry,
          nicolae_spider_entry_orb_guardian, lemuel_fruit_fields,
          infiniplex_staircase_pool, uniq_urug, uniq_snorg
Lair:4:   layout_layer_cave
Lair:5:   layout_misc_corridors, infiniplex_staircase_pool_2, uniq_kirke
Lair:6:   grunt_lair_end_beastmaster, layout_gridlike,
          nicolae_slime_entry_slimehenge, uniq_rupert
Swamp:1:  layout_falls_marsh, evilmike_swamp_ruin_house_2, swamp_pool4
Swamp:2:  layout_basic_swamp, serial_swamp_ruin, evilmike_swamp_ruin_house_5,
          hangedman_swamp_ruin_wall, evilmike_swamp_ruin_house_1
Swamp:3:  layout_basic_swamp, basic_altar, swamp_pool1
Swamp:4:  swamp_vile, layout_basic_swamp, gammafunk_ghost_cemetery, swamp_pool1,
          lemuel_altar_in_water
Spider:1: layout_spider_delve, drop_trap, nicolae_spider_webs_and_nodes
Spider:2: layout_spider_delve, special_room [special_room_bee]
Spider:3: layout_spider_delve
Spider:4: spider_rune_water, guppyfry_hornet_nest
Orc:1:    layout_caves
Orc:2:    st_orc_congregation, layout_diamond_mine, mines2_lemuel
Elf:1:    eino_elf_arrival_sip, layout_gridlike, hangedman_elf_disciples,
          grunt_megastairs_3
Elf:2:    layout_gridlike

Skill      XL: |  1  2  3  4  5  6  7  8  9 10 11 12 13 14 15 16 17 |
---------------+----------------------------------------------------+-----
Spellcasting   | 3 4 6 8 10 11 12 13 | 13.1
Earth Magic    | 4 5 6 7 9 10 11 12 | 12.4
Shields        | 1 2 3 4 |  4.1
Conjurations   | 1 2 3 4 6 8 9 10 12 13 | 13.5
Poison Magic   | 6 7 |  7.1
Dodging        | 3 5 7 8 9 10 | 10.2
Fighting       | 4 7 8 10 11 12 | 12.2
Evocations     | 4 6 7 9 |  9.9
Staves         | 4 6 7 9 10 | 10.0
Fire Magic     | 1 3 6 |  6.5
Transmutations | 3 |  3.7
Summonings     | 3 5 |  5.2
Charms         | 1 |  1.3
Necromancy     | 1 |  1.5
Stealth        | |  1.7

Action                   |  1- 3 |  4- 6 |  7- 9 | 10-12 | 13-15 | 16-18 || total
-------------------------+-------+-------+-------+-------+-------+-------++-------
Melee: Short sword       |    32 |    46 |       |       |       |       ||    78
       Tailslap          |     4 |     6 |    15 |    17 |    24 |    24 ||    90
       Hand axe          |       |    51 |   104 |    73 |       |       ||   228
       Falchion          |       |       |    11 |       |       |       ||    11
       Staff             |       |       |       |    99 |   275 |   226 ||   600
       Bite              |       |       |       |       |    25 |     7 ||    32
       Shillelagh        |       |       |       |       |       |    23 ||    23
 Cast: Sandblast         |    58 |    45 |    90 |   132 |   320 |       ||   645
       Stone Arrow       |       |     9 |    35 |    36 |    15 |       ||    95
       Lee's Rapid Decon |       |       |    13 |    26 |    13 |    59 ||   111
       Olgreb's Toxic Ra |       |       |       |    21 |    96 |    68 ||   185
       Ignite Poison     |       |       |       |    16 |    63 |    34 ||   113
       Venom Bolt        |       |       |       |    13 |    35 |    22 ||    70
       Mephitic Cloud    |       |       |       |     9 |     8 |    13 ||    30
       Iron Shot         |       |       |       |       |    47 |    86 ||   133
       Regeneration      |       |       |       |       |     5 |    11 ||    16
       Spellforged Servi |       |       |       |       |     3 |    52 ||    55
       Orb of Destructio |       |       |       |       |       |    34 ||    34
       Bolt of Fire      |       |       |       |       |       |    17 ||    17
 Abil: Breathe Acid      |       |       |     9 |     8 |    11 |     4 ||    32
       Evoke Invisibilit |       |       |       |       |     3 |     9 ||    12
       Evoke Blink       |       |       |       |       |       |     6 ||     6
Evoke: Wand              |       |       |       |     1 |     6 |     1 ||     8
       Lamp of fire      |       |       |       |       |     1 |     2 ||     3
       Phial of floods   |       |       |       |       |     1 |     1 ||     2
  Use: Scroll            |       |    10 |     5 |     7 |    17 |    16 ||    55
       Potion            |       |     3 |     1 |       |     3 |     2 ||     9
 Stab: Sleeping          |       |       |     1 |       |       |     1 ||     2
       Invisible         |       |       |       |       |     2 |     2 ||     4
       Distracted        |       |       |       |       |     1 |     3 ||     4
       Confused          |       |       |       |       |     1 |     1 ||     2
  Eat: Chunk             |     3 |       |     6 |    20 |    25 |    41 ||    95
       Ration            |       |     2 |     5 |     4 |    16 |    22 ||    49
Armor: Skin              |    38 |    41 |    86 |    90 |   159 |   146 ||   560
Dodge: Dodged            |    56 |    87 |   104 |   155 |   473 |   311 ||  1186
Block: Buckler           |       |    25 |    35 |    52 |   150 |    88 ||   350
       Rpst.: Falchion   |       |       |    10 |       |       |       ||    10

Table legend:
 A = Non-vault XP
 B = Vault XP
 C = Vault XP percentage of total XP
 D = Non-vault monster count
 E = Vault monster count
 F = Vault count percentage of total count
                 A         B        C        D         E       F
            +---------+---------+-------+---------+---------+-------
      Total |  180912 |  103993 |  36.5 |     822 |     342 |  29.4
            +---------+---------+-------+---------+---------+-------
        D:1 |      46 |       3 |   6.1 |      24 |       3 |  11.1
        D:2 |      55 |      10 |  15.4 |      19 |       4 |  17.4
        D:3 |      52 |       0 |   0.0 |      10 |       0 |   0.0
        D:4 |     359 |       0 |   0.0 |      19 |       0 |   0.0
        D:5 |     235 |       0 |   0.0 |       9 |       0 |   0.0
        D:6 |    1430 |      20 |   1.4 |      24 |      10 |  29.4
        D:7 |    1179 |     600 |  33.7 |      18 |      11 |  37.9
        D:8 |    1417 |       0 |   0.0 |      23 |       0 |   0.0
        D:9 |    1518 |     892 |  37.0 |      28 |       1 |   3.4
       D:10 |    3573 |     389 |   9.8 |      27 |       1 |   3.6
       D:11 |    1852 |    1584 |  46.1 |      22 |      11 |  33.3
       D:12 |    2569 |       0 |   0.0 |      20 |       0 |   0.0
       D:13 |    2824 |    5118 |  64.4 |       9 |      12 |  57.1
       D:14 |   12256 |     112 |   0.9 |      31 |       6 |  16.2
       D:15 |    7202 |    2791 |  27.9 |      23 |       6 |  20.7
     Lair:1 |    4066 |    2207 |  35.2 |      15 |      12 |  44.4
     Lair:2 |    3672 |     580 |  13.6 |      18 |       1 |   5.3
     Lair:3 |    8749 |    5171 |  37.1 |      29 |       8 |  21.6
     Lair:4 |    8541 |       0 |   0.0 |      34 |       0 |   0.0
     Lair:5 |    6416 |    3157 |  33.0 |      30 |       6 |  16.7
     Lair:6 |    8017 |   12248 |  60.4 |      22 |      24 |  52.2
    Swamp:1 |    7125 |       0 |   0.0 |      21 |       0 |   0.0
    Swamp:2 |    6058 |       0 |   0.0 |      29 |       0 |   0.0
    Swamp:3 |    6852 |       0 |   0.0 |      22 |       0 |   0.0
    Swamp:4 |   10786 |   20825 |  65.9 |      36 |      33 |  47.8
   Spider:1 |   16890 |       0 |   0.0 |      48 |       0 |   0.0
   Spider:2 |   14651 |    2204 |  13.1 |      44 |      20 |  31.2
   Spider:3 |   11294 |       0 |   0.0 |      39 |       0 |   0.0
   Spider:4 |    9917 |   20516 |  67.4 |      28 |      41 |  59.4
      Orc:1 |     957 |       0 |   0.0 |      20 |       0 |   0.0
      Orc:2 |    3952 |   10897 |  73.4 |      45 |      69 |  60.5
      Elf:1 |    5933 |    6558 |  52.5 |      14 |      13 |  48.1
      Elf:2 |   10469 |    7668 |  42.3 |      22 |      11 |  33.3
    Ossuary |       0 |     443 | 100.0 |       0 |      39 | 100.0
            +---------+---------+-------+---------+---------+-------

Levels and vault maps discovered:
D:1:      sevenhm_arrival_forest_fort_large_1, layout_basic
D:2:      layout_basic, chequers_temple_overflow_minitemple, minmay_pentomino_u4
D:3:      layout_basic
D:4:      layout_rooms, old_standard_altar, first_ration, cheibriados_altar_1
D:5:      layout_rooms, gammafunk_temple_overflow_elements, enter_ossuary_3,
          nemelex_xobeh_ov_fountains_minmay
D:6:      layout_basic, nicolae_tso_besieged_by_evil
D:7:      corexii_shack_village, layout_loops_corners,
          minmay_temple_entry_glassed_door, grunt_ogre_cave,
          hangedman_decor_growths, dk_vineyard_1,
          nicolae_ru_sacrificial_ziggurat, uniq_joseph
D:8:      layout_layer_cave, kennysheep_mini_moat, minivault_1
D:9:      layout_roguey, eat_drink_and_be_merry_uskayaw, orc_0_dummy, uniq_erica
D:10:     layout_basic, basic_altar, uniq_psyche
D:11:     layout_stronghold, due_lair_maze_entry_diamond, basic_altar,
          uniq_maurice
D:12:     layout_loops_corners, enter_trove_1
D:13:     layout_roguey, lightli_vaults_fourway_checkpoint, serial_shops, shop
D:14:     layout_cave_pods, serial_shops, shop, small_statue_alley_a,
          minmay_unpleasant_kobolds
D:15:     grunt_enter_depths_snipers, layout_rooms, minmay_misc_feat_tiny,
          minmay_misc_feat_hallway, minivault_11, minmay_rotating_lava
Lair:1:   minmay_lair_venomous_thicket, layout_hall_layers, uniq_harold
Lair:2:   layout_cave_pods, tgw_fedhas
Lair:3:   layout_chaotic_city, palyth_hydra_swamp_entry,
          nicolae_spider_entry_orb_guardian, lemuel_fruit_fields,
          infiniplex_staircase_pool, uniq_urug, uniq_snorg
Lair:4:   layout_layer_cave
Lair:5:   layout_misc_corridors, infiniplex_staircase_pool_2, uniq_kirke
Lair:6:   grunt_lair_end_beastmaster, layout_gridlike,
          nicolae_slime_entry_slimehenge, uniq_rupert
Swamp:1:  layout_falls_marsh, evilmike_swamp_ruin_house_2, swamp_pool4
Swamp:2:  layout_basic_swamp, serial_swamp_ruin, evilmike_swamp_ruin_house_5,
          hangedman_swamp_ruin_wall, evilmike_swamp_ruin_house_1
Swamp:3:  layout_basic_swamp, basic_altar, swamp_pool1
Swamp:4:  swamp_vile, layout_basic_swamp, gammafunk_ghost_cemetery, swamp_pool1,
          lemuel_altar_in_water
Spider:1: layout_spider_delve, drop_trap, nicolae_spider_webs_and_nodes
Spider:2: layout_spider_delve, special_room [special_room_bee]
Spider:3: layout_spider_delve
Spider:4: spider_rune_water, guppyfry_hornet_nest
Orc:1:    layout_caves
Orc:2:    st_orc_congregation, layout_diamond_mine, mines2_lemuel
Elf:1:    eino_elf_arrival_sip, layout_gridlike, hangedman_elf_disciples,
          grunt_megastairs_3
Elf:2:    layout_gridlike

Table legend:
 A = Turns spent in this place as a percentage of turns spent in the entire game.
 B = Non-inter-level travel turns spent in this place as a percentage of non-inter-level travel turns spent in the entire game.
 C = Inter-level travel turns spent in this place as a percentage of turns spent in this place.
 D = Turns resting spent in this place as a percentage of non-inter-level travel turns spent in this place.
 E = Turns spent auto-exploring this place as a percentage of non-inter-level travel turns spent in this place.
 F = Non-inter-level travel turns spent in this place divided by the number of levels of this place that you've seen.
                   A       B       C       D       E      F
               +-------+-------+-------+-------+-------+----------------------
         Total | 100.0 | 100.0 |   4.7 |  36.0 |  44.2 | 1146.5
       Dungeon |  41.8 |  41.6 |   5.2 |  30.9 |  51.1 | 1113.4
          Lair |  18.4 |  17.9 |   7.1 |  24.5 |  56.7 | 1198.5
         Swamp |  12.4 |  12.4 |   4.8 |  50.5 |  31.3 | 1245.2
   Spider Nest |  15.2 |  15.6 |   2.2 |  52.9 |  25.8 | 1564.2
  Orcish Mines |   5.9 |   5.9 |   4.0 |  45.2 |  28.3 | 1186.0
   Elven Halls |   5.3 |   5.5 |   1.2 |  24.9 |  53.9 | 1100.5
         Trove |   0.2 |   0.2 |   0.0 |   0.0 |   0.0 |  68.0
       Ossuary |   0.8 |   0.9 |   0.0 |  25.3 |  27.5 | 356.0
               +-------+-------+-------+-------+-------+----------------------

Table legend:
 A = Kills in this place as a percentage of kills in entire the game.
 B = Kills by you in this place as a percentage of kills by you in the entire game.
 C = Kills by friends in this place as a percentage of kills by friends in the entire game.
 D = Other kills in this place as a percentage of other kills in the entire game.
 E = Experience gained in this place as a percentage of experience gained in the entire game.
 F = Experience gained in this place divided by the number of levels of this place that you have seen.
                   A       B       C       D       E      F
               +-------+-------+-------+-------+-------+----------------------
         Total | 100.0 | 100.0 | 100.0 | 100.0 | 100.0 | 8140.1
       Dungeon |  31.9 |  35.0 |   0.0 |   0.0 |  16.9 | 3205.7
          Lair |  17.1 |  18.7 |   0.0 |  33.3 |  22.1 | 10470.7
         Swamp |  12.1 |   7.3 |  62.7 |   0.0 |  18.1 | 12911.5
   Spider Nest |  18.9 |  18.7 |  21.6 |   0.0 |  26.5 | 18868.0
  Orcish Mines |  11.5 |  12.7 |   0.0 |   0.0 |   5.5 | 7903.0
   Elven Halls |   5.2 |   4.0 |  15.7 |  66.7 |  10.8 | 15314.0
       Ossuary |   3.4 |   3.7 |   0.0 |   0.0 |   0.2 | 443.0
               +-------+-------+-------+-------+-------+----------------------
